 Dungeon Crawl Stone Soup version 0.28-a0-1613-gdaab1c2f9b (webtiles) character file.

Game seed: 8046537662097529658

1732 ragingrage the Fighter (level 9, 0/60 HPs)
             Began as a Gargoyle Artificer on Jan 21, 2022.
             Was a Priest of Okawaru.
             Slain by Maggie (10 damage)
             ... on level 6 of the Dungeon.
             The game lasted 00:07:50 (7035 turns).

ragingrage the Fighter (Gargoyle Artificer)         Turns: 7035, Time: 00:07:50

Health: 0/60       AC: 18    Str: 18    XL:     9   Next: 5%
Magic:  9/9        EV:  5    Int: 12    God:    Okawaru [***...]
Gold:   210        SH:  0    Dex: 12    Spells: 8/8 levels left

rFire   . . .      SeeInvis .   a - +2 whip (venom)
rCold   . . .      Faith    .   (no shield)
rNeg    + . .      Spirit   .   o - +0 plate armour
rPois   ∞          Reflect  .   (no helmet)
rElec   +          Harm     .   k - +0 cloak
rCorr   .          Rampage  .   (no gloves)
Will    .....                   (no boots)
Stlth   ..........              (no amulet)
HPRegen 0.20/turn               d - ring of flight
MPRegen 0.11/turn               (no ring)

@: attractive, flying, mesmerised, invisible
A: sickness immunity, AC +6, negative energy resistance 1, electricity
resistance, torment resistance 1, petrification resistance
a: Renounce Religion, Heroism


You were on level 6 of the Dungeon.
You worshipped Okawaru.
Okawaru was most pleased with you.
You visited 2 branches of the dungeon, and saw 7 of its levels.
You also visited: Ossuary.

You collected 210 gold pieces.

Inventory:

Hand Weapons
 a - a +2 whip of venom (weapon)
 b - a +0 hunting sling
 v - a +0 morningstar
Missiles
 m - 10 poisoned darts
Armour
 k - a +0 cloak (worn)
 o - a +0 plate armour (worn)
Jewellery
 d - a ring of flight (left hand)
 l - a ring of fire
Wands
 c - a wand of flame (12) (quivered)
 w - a wand of digging (5)
Scrolls
 f - a scroll of amnesia {unknown}
 g - a scroll of blinking {unknown}
 h - 5 scrolls of identify {unknown}
 i - 2 scrolls of magic mapping {unknown}
 n - a scroll of acquirement {unknown}
 r - 2 scrolls of teleportation {unknown}
 t - a scroll of summoning {unknown}
 x - a scroll of enchant weapon {unknown}
 y - a scroll of fear {unknown}
Potions
 j - a potion of attraction
 p - a potion of invisibility
 q - 3 potions of haste {unknown}
 s - a potion of flight {unknown}
 u - 3 potions of curing {unknown}
Miscellaneous
 e - a piece from Xom's chessboard (15/15)


   Skills:
 + Level 8.7 Fighting
 - Level 2.1 Armour
 - Level 0.7 Dodging
 - Level 1.1 Stealth
 + Level 7.8 Evocations


You had 8 spell levels left.
You didn't know any spells.
Your spell library contained the following spells:

 Spells                   Type           Power      Damage    Failure   Level
 Magic Dart               Conj           0%         1d3       100%        1
 Mephitic Cloud           Conj/Pois/Air  0%         N/A       100%        3
 Call Imp                 Summ           Unusable   N/A       N/A         2

Dungeon Overview and Level Annotations

Branches:
Dungeon (5/15)             Temple (1/1) D:4         Ossuary (visited)

Altars:
Cheibriados
Dithmenos
Fedhas
Gozag
Hepliaklqana
Kikubaaqudgha
Makhleb
Nemelex Xobeh
Okawaru
Ru
Sif Muna
Trog
Vehumet
Wu Jian
Zin

Annotations:
D:3 1 runed translucent door, a3don's ghost, amateur OgHu
D:6 Maggie


Innate Abilities, Weirdness & Mutations

You are immune to sickness and miasma.
Your stone body is resilient. (AC +6)
You are immune to poison.
You resist negative energy. (rN+)
You are resistant to electric shocks. (rElec)
You are resistant to unholy torment.
You are immune to petrification.


Message History

You barely miss Maggie.
Maggie mumbles some strange words.
Maggie attempts to bespell you!
You are mesmerised by Maggie!
Maggie hits you with a +0 long sword!
You hit Maggie but do no damage. Maggie hits you but does no damage.
You hit Maggie but do no damage. Maggie hits you with a +0 long sword!
You barely miss Maggie. Maggie gestures at you while chanting.
The bolt of fire hits you.
You closely miss Maggie. Maggie hits you with a +0 long sword.
You hit Maggie.
Maggie is poisoned.
Maggie is lightly wounded.
Maggie casts a spell at you. The bolt of fire hits you!
You hit Maggie but do no damage.
Maggie looks as sick as possible!
Maggie is lightly wounded.
Maggie casts a spell.
Maggie draws you further into her thrall.
You hit Maggie but do no damage.
Maggie looks as sick as possible!
Maggie is lightly wounded.
Maggie casts a spell.
Maggie draws you further into her thrall.
You cannot move away from Maggie!
Maggie mumbles the words to a spell, but in the wrong order.
Maggie hits you with a +0 long sword!
* * * LOW HITPOINT WARNING * * *
It was a potion of attraction.
You feel attractive to monsters. Maggie hits you but does no damage.
It was a potion of invisibility.
You fade into invisibility!
Maggie barely misses you.
You closely miss Maggie. Your punch misses Maggie.
Maggie is lightly wounded.
Maggie hits you but does no damage.
You hit Maggie.
Maggie is moderately wounded.
Maggie hits you with a +0 long sword!
You die...

######## #......#
########## ####......#
#......... ..........#
#.........
.###......#####.........
.# #..........+..(......
.# ####.#.#####.........
.)....(........$@.......
...####.##.#####@#.#####
.#.# #.##..# #)# # ....
#.###.# #.# .^^^. #(# .#
#.# .^ ^..#. .# #.. ..
#.. #. #.. .#


You could see Maggie (mesmerising, extremely poisoned).

Vanquished Creatures
  3 yaks
  Duvessa (D:4)
  A black bear (D:4)
  2 necrophages
  3 ogres
  2 elf zombies (Ossuary)
  A water moccasin zombie (D:5)
  Dowan (D:4)
  A human zombie (Ossuary)
  A jelly (D:5)
  An orc priest (D:4)
  2 centaur zombies (Ossuary)
  A bullfrog skeleton (D:5)
  An iguana (D:5)
  An orc wizard (D:4)
  Ijyb (D:4)
  A hound skeleton (D:5)
  2 mummies (Ossuary)
  An adder (D:3)
  2 adder zombies
  3 worms
  3 dart slugs
  7 orcs
  2 ball pythons
  7 bats
  7 endoplasms
  4 giant cockroaches
  5 goblins
  7 hobgoblins
  7 jackals
  A quokka (D:3)
  2 frilled lizards (D:2)
  11 hobgoblin zombies (Ossuary)
  3 jackal zombies (Ossuary)
  11 kobolds
  9 kobold zombies (Ossuary)
  6 orc zombies (Ossuary)
  4 rats
  A rat zombie (Ossuary)
129 creatures vanquished.

Vanquished Creatures (others)
  A frilled lizard (D:1)
  A kobold (D:1)
2 creatures vanquished.

Grand Total: 131 creatures vanquished

Notes
Turn   | Place    | Note
-------+----------+-------------------------------------------
     0 | D:1      | ragingrage the Gargoyle Artificer began the quest for the
                  | Orb.
     0 | D:1      | Reached XP level 1. HP: 12/12 MP: 1/1
   615 | D:1      | Found a faded altar of an unknown god.
   633 | D:1      | Reached XP level 2. HP: 17/17 MP: 2/2
   814 | D:1      | Reached skill level 2 in Fighting
  1262 | D:1      | Reached XP level 3. HP: 21/22 MP: 3/3
  2355 | D:2      | Reached XP level 4. HP: 27/27 MP: 4/4
  2557 | D:3      | Reached skill level 3 in Fighting
  2665 | D:3      | Found a runed translucent door.
  2665 | D:3      | Noticed a3don's ghost (amateur OgHu)
  2883 | D:3      | Found an ancient bone altar of Kikubaaqudgha.
  3359 | D:4      | Found a staircase to the Ecumenical Temple.
  3388 | D:4      | Noticed Duvessa
  3393 | Temple   | Entered the Ecumenical Temple
  3447 | Temple   | Became a worshipper of Warmaster Okawaru
  3660 | D:4      | Killed Duvessa
  3661 | D:4      | Reached skill level 4 in Fighting
  3661 | D:4      | Reached XP level 5. HP: 12/33 MP: 5/5
  3664 | D:4      | Noticed Dowan
  3974 | D:4      | Killed Dowan
  3975 | D:4      | Reached XP level 6. HP: 31/39 MP: 6/6
  4183 | D:4      | Found a bloodstained altar of Trog.
  4275 | D:5      | Entered Level 5 of the Dungeon
  4280 | D:5      | Reached skill level 5 in Fighting
  4552 | D:5      | Noticed a yak
  4552 | D:5      | Noticed a yak
  4552 | D:5      | Noticed a yak
  4579 | D:4      | Reached skill level 5 in Evocations
  4691 | D:4      | Reached * piety under Okawaru
  4837 | D:4      | Noticed a black bear
  4847 | D:4      | Killed a black bear
  4848 | D:4      | Reached XP level 7. HP: 31/44 MP: 7/7
  4969 | D:4      | Noticed Ijyb
  4975 | D:4      | Killed Ijyb
  5074 | D:4      | Reached skill level 6 in Fighting
  5310 | D:5      | Reached ** piety under Okawaru
  5565 | D:5      | Reached XP level 8. HP: 31/52 MP: 8/8
  5573 | D:5      | Reached skill level 7 in Fighting
  5727 | D:5      | Found a snail-covered altar of Cheibriados.
  5776 | D:5      | Killed a yak
  5791 | D:5      | Killed a yak
  5840 | D:4      | Killed a yak
  5840 | D:4      | Reached *** piety under Okawaru
  5841 | D:4      | Reached skill level 8 in Fighting
  6133 | D:5      | You fall into a shaft and drop 1 floor!
  6135 | D:6      | Found a sand-covered staircase.
  6144 | Ossuary  | Entered an ossuary
  6928 | Ossuary  | Reached XP level 9. HP: 55/60 MP: 9/9
  7017 | D:6      | Noticed Maggie
  7035 | D:6      | Slain by Maggie

Illustrated notes

Levels and vault maps discovered:
D:1:      erik_arrival_triangle_small, layout_loops_ring,
          hellmonk_ecumenical_altar_slurped_away, serial_aquarium,
          aquarium_bridge_square [aquarium_subvault_bridge,
          aquarium_subvault_wall, aquarium_subvault_bridge,
          aquarium_subvault_bridge], aquarium_window_1, aquarium_window_fake,
          aquarium_window_1, aquarium_view_2c, aquarium_view_2c,
          aquarium_balcony_3a
D:2:      layout_loops_cross, minmay_misc_feat_columns
D:3:      layout_loops_ring, kiku_gazebo_pond_becter,
          hellmonk_ghost_happy_afterlife, st_stairs_9
D:4:      layout_rooms, lemuel_tele_altar, minmay_temple_entry_tees,
          uniq_duvessa, uniq_ijyb
D:5:      lemuel_ice_spiral_2, layout_basic, kennysheep_mini_moat, serial_glass,
          glass_columns_b, glass_columns_a, item_on_display_a,
          gammafunk_ghost_mausoleum
D:6:      layout_basic, xom_teletrap_fun, enter_ossuary_1, minmay_circle_x,
          uniq_maggie
Temple:   dshaligram_water_room_temple

Skill      XL: |  1  2  3  4  5  6  7  8 |
---------------+-------------------------+-----
Evocations     | 3 4 5 6 7 |  7.8
Fighting       | 2 4 5 6 8 |  8.7
Armour         | |  2.1
Dodging        | |  0.7
Stealth        | |  1.1

Action                   |  1- 3 |  4- 6 |  7- 9 || total
-------------------------+-------+-------+-------++-------
Melee: Club              |    28 |       |       ||    28
       Punch             |     4 |     1 |     3 ||     8
       Rapier            |    21 |       |       ||    21
       Whip              |    60 |   134 |   330 ||   524
       Short sword       |     6 |       |       ||     6
       Morningstar       |       |     3 |       ||     3
Throw: Dart              |       |     2 |     1 ||     3
Evoke: Wand              |     4 |       |     1 ||     5
  Use: Potion            |       |       |     2 ||     2
 Stab: Sleeping          |     6 |       |       ||     6
Armor: Leather armour    |    31 |       |       ||    31
       Plate armour      |    30 |   120 |   279 ||   429
Dodge: Dodged            |    53 |    30 |    72 ||   155

Table legend: (Time is in decaauts)
 A = Elapsed time spent in this place.
 B = Non-inter-level travel time spent in this place.
 C = Inter-level travel time spent in this place.
 D = Time resting spent in this place.
 E = Time spent auto-exploring this place.
 F = Levels seen in this place.
 G = Mean time per level.
                   A        B        C        D        E       F      G
               +--------+--------+--------+--------+--------+-----+--------+
         Total |   7104 |   6932 |    172 |   1943 |   3445 |   8 |  888.0 |
       Dungeon |   5681 |   5522 |    159 |   1238 |   3262 |   6 |  946.8 |
        Temple |    540 |    527 |     13 |    469 |     40 |   1 |  540.0 |
       Ossuary |    882 |    882 |      0 |    236 |    143 |   1 |  882.0 |
               +--------+--------+--------+--------+--------+-----+--------+

Top non-repeatable levels by time:
     D:1: 1556 daAuts
     D:4: 1217 daAuts
     D:5: 1079 daAuts
     D:2: 1000 daAuts
 Ossuary: 882 daAuts
     D:3: 786 daAuts
  Temple: 540 daAuts
     D:6: 40 daAuts
